AoeStats
← OppositePol

Golden Pit

503169246Analyzed
1v1 RM · 3mo ago on Aug 30, 2026· 43m 49s· 2 players
Game mode
Random Map
Map size
Tiny (2 player)
Population
200
Speed
Normal
Resources
Standard
Victory
Conquest
Starting age
Dark Age
Ending age
Imperial Age
RankedLock teamsTeams togetherTeam positionsShared explorationLock speedFull tech treeHidden civsTurbo modeCheats
Victory
Defeat
🇩🇰 Burgundians · Denmark
1542
+17
vs
🇨🇴 Saracens · Colombia
1565
-17
OppositePol
3:24 Double-Bit Axe
4:22 Loom
6:43 Loom
9:30 Feudal Age
11:10 Horse Collar
20:06 Castle Age
19:22 Gold Mining
19:27 Fletching
19:37 Padded Archer Armor
20:47 Wheelbarrow
19:58 Town Watch
20:37 Bow Saw
20:42 Bodkin Arrow
22:59 Wheelbarrow
23:54 Husbandry
25:36 Hand Cart
25:21 Town Patrol
28:23 Stone Mining
32:28 Stone Shaft Mining
32:29 Gold Shaft Mining
34:55 Imperial Age
32:49 Light Cavalry
33:42 Scale Barding Armor
33:47 Forging
33:08 Cavalier
34:26 Heavy Plow
34:52 Chain Barding Armor
36:23 Iron Casting
37:13 Plate Barding Armor
39:25 Iron Casting
39:15 Conscription
40:06 Squires
39:26 Pikeman
40:07 Scale Mail Armor
41:08 Blast Furnace
40:10 Scale Mail Armor
43:00 Gold Shaft Mining
43:00 Stone Shaft Mining
42:02 Paladin
43:27 Halberdier
Splattcol
7:36 Loom
9:47 Feudal Age
11:28 Town Watch
16:26 Castle Age
16:11 Double-Bit Axe
16:54 Bloodlines
20:23 Horse Collar
25:41 Gold Mining
26:46 Fletching
29:13 Bodkin Arrow
28:49 Crossbowman
33:15 Ballistics
34:16 Wheelbarrow
35:16 Wheelbarrow
37:52 Imperial Age
36:45 Padded Archer Armor
40:01 Bracer
Connection lost

Rejoining the realm…

Still unreachable

The connection could not be restored.

Session expired

The server has moved on; the page needs a fresh start.